 Dungeon Crawl Stone Soup version 0.27.1 (webtiles) character file.

Game seed: 13675774871525026110

2 BOMJPIETVODKU the Digger (level 1, 0/14 HPs)
             Began as a Draconian Earth Elementalist on Aug 26, 2021.
             Killed from afar by a dart slug (3 damage)
             ... with a slug dart
             ... on level 1 of the Dungeon.
             The game lasted 00:00:17 (43 turns).

BOMJPIETVODKU the Digger (DrEE)                       Turns: 43, Time: 00:00:17

Health: 0/14       AC:  4    Str: 10    XL:     1   Next: 25%
Magic:  0/3        EV: 12    Int: 15    God:
Gold:   0          SH:  0    Dex: 11    Spells: 3/4 levels left

rFire    . . .     SeeInvis .   (no weapon)
rCold    . . .     Faith    .   (no shield)
rNeg     . . .     Spirit   .   (armour unavailable)
rPois    .         Reflect  .   (helmet restricted)
rElec    .         Harm     .   (no cloak)
rCorr    .         Rampage  .   (no gloves)
Will     .....                  (no boots)
Stlth    ++........             (no amulet)
HPRegen  0.04/turn              (no ring)
MPRegen  0.08/turn              (no ring)

@: no status effects
A: AC +4, unfitting armour, cold-blooded
a: no special abilities


You were on level 1 of the Dungeon.
You visited 1 branch of the dungeon, and saw 1 of its levels.

Inventory:

Missiles
 b - 27 stones


   Skills:
 + Level 1.7 Dodging
 + Level 1.7 Stealth
 + Level 2.1 Spellcasting
 + Level 1.0 Transmutations
 + Level 3.0 Earth Magic


You had 3 spell levels left.
You knew the following spells:

 Your Spells              Type           Power      Damage    Failure   Level
a - Sandblast             Erth           20%        2d7       6%          1

Your spell library contained the following spells:

 Spells                   Type           Power      Damage    Failure   Level
 Passwall                 Tmut/Erth      5%         N/A       14%         2
 Stone Arrow              Conj/Erth      12%        3d7       34%         3
 Petrify                  Tmut/Erth      7%         N/A       67%         4


Dungeon Overview and Level Annotations

Branches:
Dungeon (1/15)

Altars:


Innate Abilities, Weirdness & Mutations

Your plain brown scales are hard. (AC +4)
You cannot fit into any form of body armour.
You are cold-blooded and may be slowed by cold attacks.


Message History

You are too injured to fight recklessly!
You are too injured to fight recklessly!
Aiming: Sandblast (safe; 6% risk of failure)
Press: ? - help, Q - select action, (/) - cycle Shift-Dir - straight line, f - goblin
Aim: a goblin, wielding a +0 dagger (74% to hit)
The blast of sand hits the goblin!
You kill the goblin!
Unknown command.
Aiming: Sandblast (safe; 6% risk of failure)
Press: ? - help, Q - select action, (/) - cycle Shift-Dir - straight line, f - dart slug
Aim: a dart slug (100% to hit)
The blast of sand hits the dart slug.
The dart slug is moderately wounded.
The bat hits you but does no damage.
The dart slug bites you but does no damage.
Aiming: Sandblast (safe; 6% risk of failure)
Press: ? - help, Q - select action, (/) - cycle Shift-Dir - straight line, f/p - dart slug
Aim: a dart slug (moderately wounded, 100% to hit)
The blast of sand hits the dart slug.
The dart slug is almost dead.
The bat barely misses you.
A kobold comes into view. It is wielding a +0 dagger.
You don't have enough magic to cast this spell.
You don't have enough magic to cast this spell.
You don't have enough magic to cast this spell.
Unknown command.
You don't have enough magic to cast this spell.
You don't have enough magic to cast this spell.
You hit the dart slug but do no damage.
Your tail-slap misses the dart slug.
The dart slug is almost dead.
The bat hits you but does no damage. The dart slug launches a dart at you.
The slug dart hits you.
* * * LOW HITPOINT WARNING * * *
You hit the dart slug but do no damage.
The dart slug is almost dead.
The bat misses you. The dart slug launches a dart at you.
The slug dart hits you.
You die...

##.##.. ...#
##..#... #..##
.......# #.?.#### #
#...####......#.
#####...........(.
#...#.....>#.#.#.#
#...†.............
#...##.##..#.#.#.#.
##.##......@w......
#.###.#####b#.#.#.
##.###.# .K....
#...##.# .#.#.
#.<.#... .....
#...#... .# #.#
##.## #. ... #.# .
.. #.#


You could see a dart slug, a bat and a kobold.

Vanquished Creatures
  A goblin (D:1)
  A rat (D:1)
2 creatures vanquished.

Notes
Turn   | Place    | Note
-------+----------+-------------------------------------------
     0 | D:1      | BOMJPIETVODKU the Draconian Earth Elementalist began the
                  | quest for the Orb.
     0 | D:1      | Reached XP level 1. HP: 14/14 MP: 3/3
    43 | D:1      | Killed from afar by a dart slug

Illustrated notes

Levels and vault maps discovered:
D:1:      minmay_arrival_nine_rooms, layout_rooms,
          hellmonk_ecumenical_altar_zigzags, nrook_mini_vaults,
          grunt_decor_clamped, st_stairs_9, minmay_rat_gold_closets

Action                   || total
-------------------------++-------
Melee: Unarmed           ||    10
 Cast: Sandblast         ||     3
Armor: Skin              ||     6
Dodge: Dodged            ||     7
